 Dungeon Crawl Stone Soup version 0.29-a0-284-gf9362112df (webtiles) character file.

Game seed: 3278975507797116748

46 spaghetti the Sneak (level 3, -2/21 HPs)
             Began as an Octopode Earth Elementalist on Mar 22, 2022.
             Slain by a goblin
             ... wielding a +0 club
             ... led by Robin
              (6 damage)
             ... on level 3 of the Dungeon.
             The game lasted 00:02:25 (1330 turns).

spaghetti the Sneak (Octopode Earth Elementalist)   Turns: 1330, Time: 00:02:25

Health: -2/21      AC:  1    Str:  7    XL:     3   Next: 66%
Magic:  1/6        EV: 13    Int: 19    God:
Gold:   67         SH:  0    Dex: 12    Spells: 5/6 levels left

rFire   . . .      SeeInvis .   (no weapon)
rCold   . . .      Faith    .   (no shield)
rNeg    . . .      Spirit   .   (helmet restricted)
rPois   .          Reflect  .   (no amulet)
rElec   .          Harm     .   (no ring)
rCorr   .          Rampage  .   (no ring)
Will    .....                   (no ring)
Stlth   ++++......              (no ring)
HPRegen 0.07/turn               (no ring)
MPRegen 0.10/turn               (no ring)
                                (no ring)
                                (no ring)

@: weak-willed
A: almost no armour, amphibious, 8 rings, camouflage 1, gelatinous body 1,
(nimble swimmer 1), tentacles
a: no special abilities


You were on level 3 of the Dungeon.
You visited 1 branch of the dungeon, and saw 4 of its levels.

You collected 67 gold pieces.


Innate Abilities, Weirdness & Mutations

You cannot wear most types of armour.
You are amphibious.
You can wear up to eight rings at the same time.
Your skin changes colour to match your surroundings (Stealth+).
Your rubbery body absorbs attacks. (AC +1, EV +1)
((You are camouflaged when in or above water. (Stealth+)))
You have tentacles for arms and can constrict up to eight enemies at once.


   Skills:
 - Level 2.0 Dodging
 + Level 5.6 Stealth
 - Level 2.0 Spellcasting
 - Level 1.0 Transmutations
 - Level 3.0 Earth Magic


You had 5 spell levels left.
You knew the following spells:

 Your Spells              Type           Power      Damage    Failure   Level
a - Sandblast             Erth           26%        2d8       4%          1

Your spell library contained the following spells:

 Spells                   Type           Power      Damage    Failure   Level
 Passwall                 Tmut/Erth      7%         N/A       11%         2
 Stone Arrow              Conj/Erth      14%        3d7       26%         3
 Petrify                  Tmut/Erth      9%         N/A       58%         4

Inventory:

Hand Weapons
 c - a +0 hunting sling {sling}
   (You found it on level 1 of the Dungeon)
 e - a +0 short sword {short}
   (You took it off a kobold on level 4 of the Dungeon)
Missiles
 a - 49 stones {throwing}
Potions
 b - a potion of magic

Dungeon Overview and Level Annotations

Branches:
Dungeon (4/15)
 Temple: D:4-7

Altars:

Annotations:
D:3 Robin
D:4 exclusion: door

... # ... #. # #.##.## ..
.....### #. #.#...####
###.#######.g##ggg.#.#
.............g.###.gg#
####.g.####.#.####..... #.
#########@ggg#.#........g. #.#
##......†gg.#..g...........
##.####..############.....###.###
.........# ###.#.....# .........#
#..###### .........#########
###.########
.........#.......#####...†.......
......<................##.#######
>........#.......########..##....


You could see Robin (weak-willed), a hobgoblin (strong, weak-willed) and 5
goblins.


Message History

Press: ? - help, Q - select action, (/) - cycle Shift-Dir - straight line, f - orc
Aim: an orc, wielding a +0 short sword and wearing a +0 scale mail (82% to hit)
The blast of sand hits the orc.
The orc hits you with a +0 short sword.
The goblin completely misses you. 😮 HP[-6] MP[-1]
You take 6 damage, and now have 15/21 hp.
MASSIVE DAMAGE!! (PAUSE)
You lost 1 mp, and now have 0/6 mp.
A goblin comes into view. It is wielding a +0 club.
The goblin hits you with a +0 club.
Robin roars a battlecry!
The goblins go into a battle-frenzy! 😮 HP[-1]
You take 1 damage, and now have 14/21 hp.
The orc attacks as you move away! The orc closely misses you.
Robin throws the goblin at you! The goblin closely misses you.
The orc attacks as you move away!
The orc closely misses you. 😮 MP[+1] Really attack while wielding nothing? [Y]es or [N]o only, please.
Really attack while wielding nothing? [Y]es or [N]o only, please.
Really attack while wielding nothing?
You tentacle-slap the orc but do no damage.
Your grab misses the orc. You squeeze the orc, but do no damage.
The orc hits you with a +0 short sword. 😮 HP[-3]
You take 3 damage, and now have 11/21 hp.
You tentacle-slap the orc. You grab the orc.
You constrict the orc, but do no damage.
The orc barely misses you.
You tentacle-slap the orc but do no damage.
You squeeze the orc.
You kill the orc!
Aiming: Sandblast (safe; 4% risk of failure)
Press: ? - help, Q - select action, (/) - cycle Shift-Dir - straight line, f - hobgoblin
Aim: a hobgoblin (strong, 79% to hit)
The blast of sand hits the orc!
You kill the orc! 😮 HP[+1] MP[-1]
You lost 1 mp, and now have 0/6 mp.
The goblin attacks as you move away! The goblin misses you.
Robin throws the goblin at you!
* * * LOW HITPOINT WARNING * * *
😨 HP[-3]
You take 3 damage, and now have 9/21 hp.
The goblin closely misses you. The goblin attacks as you move away!
The goblin hits you with a +0 club.
* * * LOW HITPOINT WARNING * * *
The goblin hits you with a +0 dagger.
* * * LOW HITPOINT WARNING * * *
Robin laughs in a distinctly smug fashion. 😱 HP[-5] MP[+1]
You take 5 damage, and now have 4/21 hp.
MASSIVE DAMAGE!! (PAUSE)
Okay, then.
It was a potion of heal wounds.
You feel much better.
The goblin hits you with a +0 dagger. 😕 HP[+12]
You regained 12 hp, and now have 16/21 hp.
The goblin attacks as you move away! The goblin hits you with a +0 dagger.
Robin throws the goblin at you!
* * * LOW HITPOINT WARNING * * *
😨 HP[-6]
You take 6 damage, and now have 10/21 hp.
MASSIVE DAMAGE!! (PAUSE)
The goblin attacks as you move away! The goblin misses you. x2
A goblin comes into view. It is wielding a +0 club.
Robin throws the goblin at you!
You barely miss the goblin.
The goblin shouts!
You grab the goblin.
You constrict the goblin, but do no damage.
The goblin no longer looks unusually strong. x2
The goblin hits you with a +0 club.
* * * LOW HITPOINT WARNING * * *
The goblin hits you with a +0 dagger.
* * * LOW HITPOINT WARNING * * *
The goblin closely misses you. 😨 HP[-3]
You take 3 damage, and now have 7/21 hp.
Unknown command.
As you read the scroll labelled ZERYENOTOGH, it crumbles to dust.
It is a scroll of amnesia.
Really abort (and waste the scroll)?
Okay, then.
You constrict the goblin.
The goblin no longer looks unusually strong.
The goblin hits you but does no damage. The goblin hits you with a +0 club.
* * * LOW HITPOINT WARNING * * *
The goblin barely misses you.
Robin roars a battlecry!
The goblins go into a battle-frenzy! 😱 HP[-4]
You take 4 damage, and now have 3/21 hp.
As you read the scroll labelled EGHAOMN LISYEX, it crumbles to dust.
Magic quickly surges around you.
It was a scroll of vulnerability.
You constrict the goblin. The goblin misses you.
The goblin hits you with a +0 club.
You die...

Skill      XL: |  1  2 |
---------------+-------+-----
Stealth        | 4 5 |  5.6
Dodging        | |  2.0
Spellcasting   | |  2.0
Transmutations | |  1.0
Earth Magic    | |  3.0

Action                   || total
-------------------------++-------
Melee: Unarmed           ||    37
       Tentacles         ||    12
       Constrict         ||    10
       Punch             ||     1
 Cast: Sandblast         ||    20
  Use: Potion            ||     2
       Scroll            ||     2
 Stab: Sleeping          ||     4
Armor: Skin              ||     8
Dodge: Dodged            ||    39

Levels and vault maps discovered:
D:1:      dpeg_arrival_oval, layout_basic, serial_bayou, serial_bayou_pond_a,
          serial_bayou_crossing, serial_bayou_lagoon_a, serial_bayou_pond_e,
          ebering_ecumenical_altar_hall
D:2:      minmay_diamond_boxcup, layout_basic, uniq_crazy_yiuf_cottage
D:3:      layout_rooms, nicolae_overflow_crystal_walls,
          wander_ebering_terrifying_dragon_lair, uniq_robin
D:4:      layout_gridville

Notes
Turn   | Place    | Note
-------+----------+-------------------------------------------
     0 | D:1      | spaghetti the Octopode Earth Elementalist began the quest
                  | for the Orb.
     0 | D:1      | Reached XP level 1. HP: 11/11 MP: 3/3
     0 | D:1      | magus.rc [v1.9.6]
    66 | D:1      | Reached skill level 3 in Stealth
   178 | D:2      | Reached skill level 4 in Stealth
   178 | D:2      | Reached XP level 2. HP: 17/17 MP: 5/5
   287 | D:3      | HP: 4/17 [ball python (2)]
   688 | D:4      | Noticed a black bear
   740 | D:3      | Noticed a water moccasin
   751 | D:4      | HP: 4/17 [kobold/+0 short sword (2)]
  1095 | D:4      | Reached skill level 5 in Stealth
  1095 | D:4      | Reached XP level 3. HP: 21/21 MP: 4/6
  1105 | D:4      | Noticed a necrophage
  1306 | D:3      | Noticed Robin
  1322 | D:3      | HP: 4/21 [goblin/+0 dagger[Robin] (4)]
  1329 | D:3      | HP: 3/21 [goblin/+0 club[Robin] (4)]
  1330 | D:3      | Slain by a goblin

Vanquished Creatures
  2 adders
  3 orcs (D:3)
  3 ball pythons
  An endoplasm (D:2)
  A giant cockroach (D:4)
  A goblin (D:3)
  5 hobgoblins
  2 jackals (D:1)
  2 bats
  A kobold (D:4)
  3 rats
24 creatures vanquished.

Table legend:
 A = Non-vault XP
 B = Vault XP
 C = Vault XP percentage of total XP
 D = Non-vault monster count
 E = Vault monster count
 F = Vault count percentage of total count
                 A         B        C        D         E       F
            +---------+---------+-------+---------+---------+-------
      Total |      60 |       6 |   9.1 |      21 |       3 |  12.5
            +---------+---------+-------+---------+---------+-------
        D:1 |       8 |       0 |   0.0 |       5 |       0 |   0.0
        D:2 |      15 |       0 |   0.0 |       2 |       0 |   0.0
        D:3 |      16 |       6 |  27.3 |       7 |       3 |  30.0
        D:4 |      21 |       0 |   0.0 |       7 |       0 |   0.0
            +---------+---------+-------+---------+---------+-------

Illustrated notes

Table legend:
 A = Kills in this place as a percentage of kills in entire the game.
 B = Kills by you in this place as a percentage of kills by you in the entire game.
 C = Kills by friends in this place as a percentage of kills by friends in the entire game.
 D = Other kills in this place as a percentage of other kills in the entire game.
 E = Experience gained in this place as a percentage of experience gained in the entire game.
 F = Experience gained in this place divided by the number of levels of this place that you have seen.
                   A       B       C       D       E      F
               +-------+-------+-------+-------+-------+----------------------
         Total | 100.0 | 100.0 |   N/A |   N/A | 100.0 |  16.5
       Dungeon | 100.0 | 100.0 |   N/A |   N/A | 100.0 |  16.5
               +-------+-------+-------+-------+-------+----------------------

Table legend: (Time is in decaauts)
 A = Elapsed time spent in this place.
 B = Non-inter-level travel time spent in this place.
 C = Inter-level travel time spent in this place.
 D = Time resting spent in this place.
 E = Time spent auto-exploring this place.
 F = Levels seen in this place.
 G = Mean time per level.
                   A        B        C        D        E       F      G
               +--------+--------+--------+--------+--------+-----+--------+
         Total |   1330 |   1318 |     12 |    774 |    291 |   4 |  332.5 |
       Dungeon |   1330 |   1318 |     12 |    774 |    291 |   4 |  332.5 |
               +--------+--------+--------+--------+--------+-----+--------+

Top non-repeatable levels by time:
     D:4: 623 daAuts
     D:3: 423 daAuts
     D:1: 176 daAuts
     D:2: 107 daAuts
